Map: Thunderbird LE

Players

Has - Winner!

  • Race: Protoss Protoss
  • Spawn Location: 11:00

Hellraiser

  • Race: Protoss Protoss
  • Spawn Location: 5:00

VOD

Have the link to the VOD?

Description

Time

  • Played on: Sept. 6, 2019, 9:14 p.m.
  • Length: 10:52
Show
View Real Time Build Order
Export as new Build Order

Has Protoss - Winner!

Build Orders: Phoenix Opening 

Get SALT Encoding   

  12  0:00  Probe  
  13  0:12  Probe  
  14  0:17  Pylon  
  14  0:23  Probe  
  14  0:27  Assimilator  
  15  0:31  Probe  
  16  0:42  Gateway, Probe  
  17  0:51  Assimilator  
  17  0:54  Probe  
  18  1:04  Gateway, Probe  
  19  1:13  Probe  
  20  1:22  Probe  
  21  1:29  Cybernetics Core  
  21  1:32  Pylon  
  21  1:34  Probe  
  22  1:46  Probe  
  23  1:47  Pylon  
  23  1:58  Probe  
  24  2:07  Adept x2  
  24  2:08  Warp Gate  
  28  2:13  Stargate  
  28  2:24  Probe  
  29  2:30  Shield Battery  
  29  2:38  Stalker x2  
  33  2:49  Phoenix  
  35  3:09  Pylon  
  35  3:17  Phoenix  
  35  3:20  Nexus  
  37  3:28  Probe  
  38  3:40  Probe, Phoenix  
  41  3:53  Probe, Robotics Facility  
  39  4:19  Probe  
  39  4:24  Pylon  
  39  4:31  Phoenix  
  39  4:32  Probe  
  39  4:33  Probe  
  39  4:34  Observer  
  39  4:35  Adept x2  
  47  4:44  Immortal, Shield Battery  
  47  4:45  Probe x2  
  50  4:57  Probe  
  50  4:58  Probe  
  56  5:05  Pylon  
  56  5:09  Probe  
  56  5:10  Probe  
  58  5:19  Immortal  
  58  5:21  Probe  
  59  5:22  Probe  
  54  5:32  Sentry  
  54  5:33  Probe  
  54  5:35  Shield Battery  
  61  5:39  Assimilator  
  61  5:43  Shield Battery  
  61  5:44  Pylon, Stalker  
  61  5:45  Probe  
  61  5:46  Probe  
  61  5:47  Warp Prism  
  65  5:51  Twilight Council  
  65  6:02  Forge  
  67  6:06  Probe  
  69  6:15  Resonating Glaives  
  69  6:16  Immortal  
  68  6:20  Gateway  
  68  6:21  Gateway  
  68  6:27  Pylon  
  72  6:36  Gateway  
  72  6:39  Gateway  
  72  6:45  Gateway  
  72  6:50  Pylon  
  72  6:51  Sentry, Adept  
  74  7:07  Gateway  
  74  7:13  Pylon  
  74  7:14  Adept x2  
  78  7:15  Assimilator  
  78  7:22  Adept x2  
  82  7:35  Adept x4  
  90  7:42  Adept x3  
  96  8:00  Adept x4  
  98  8:06  Adept  
  98  8:07  Adept  
  98  8:11  Adept x2  
  84  8:24  Warp Prism  
  80  8:33  Adept x4  
  80  8:34  Adept x4  
  82  8:37  Observer  
  76  8:54  Adept x6  
  88  9:02  Dark Shrine  
  88  9:09  Pylon  
  88  9:26  Adept x5  
  88  9:29  Adept  
  100  9:51  Adept x3  
  100  9:52  Adept x3  
  94  10:10  Warp Prism  
  84  10:16  Dark Templar x3  
  84  10:19  Dark Templar  
  74  10:27  Dark Templar  
  74  10:28  Dark Templar x2  
Show
View Real Time Build Order
Export as new Build Order

Hellraiser Protoss 

Build Orders: Phoenix Opening, Blink Stalkers, Zealot Archon 

Get SALT Encoding   

  12  0:02  Probe  
  13  0:14  Probe  
  13  0:18  Pylon  
  14  0:25  Probe  
  15  0:33  Probe  
  15  0:41  Gateway  
  15  0:42  Probe  
  16  0:48  Assimilator  
  17  0:52  Probe  
  17  0:55  Assimilator  
  18  1:00  Probe  
  18  1:08  Gateway, Probe  
  20  1:19  Probe  
  21  1:28  Cybernetics Core  
  21  1:31  Probe  
  22  1:41  Pylon  
  22  1:43  Probe  
  23  1:59  Probe  
  24  2:05  Sentry  
  24  2:06  Warp Gate, Stalker  
  28  2:09  Pylon  
  28  2:11  Probe  
  29  2:31  Stalker  
  29  2:36  Stalker  
  33  2:47  Robotics Facility  
  33  2:53  Phoenix  
  33  2:59  Probe  
  33  3:02  Stalker  
  36  3:09  Nexus  
  36  3:12  Twilight Council  
  36  3:15  Probe  
  36  3:26  Pylon  
  36  3:27  Probe  
  37  3:36  Shield Battery  
  37  3:39  Blink  
  37  3:43  Probe  
  38  3:54  Stalker  
  40  3:57  Stalker  
  40  3:59  Probe  
  42  4:10  Probe  
  41  4:18  Probe  
  41  4:20  Probe  
  43  4:26  Probe  
  43  4:28  Probe, Stalker x2  
  48  4:36  Probe  
  48  4:37  Probe  
  49  4:44  Probe  
  51  4:47  Pylon  
  51  4:50  Probe  
  52  4:52  Stalker  
  52  4:54  Probe  
  52  4:57  Forge  
  55  5:04  Probe  
  55  5:05  Pylon  
  55  5:06  Probe  
  57  5:09  Stalker  
  57  5:14  Protoss Ground Weapons Level 1  
  59  5:16  Probe  
  59  5:18  Probe  
  57  5:28  Probe x2  
  55  5:30  Stalker  
  55  5:32  Stalker  
  60  5:36  Probe  
  60  5:40  Probe  
  62  5:44  Probe  
  62  5:52  Probe  
  62  5:53  Stalker  
  62  5:56  Probe, Stalker  
  65  6:04  Probe  
  65  6:08  Probe  
  65  6:11  Charge  
  67  6:16  Probe  
  67  6:20  Probe  
  68  6:27  Nexus  
  68  6:28  Probe  
  68  6:32  Assimilator  
  69  6:33  Probe  
  70  6:40  Probe  
  70  6:45  Gateway x2, Probe  
  72  6:55  Gateway, Probe  
  72  6:56  Gateway  
  72  6:57  Probe  
  73  7:06  Gateway  
  73  7:07  Probe  
  74  7:08  Gateway  
  74  7:10  Templar Archives  
  74  7:14  Zealot x2  
  78  7:22  Pylon  
  78  7:23  Shield Battery  
  78  7:30  Pylon  
  78  7:39  Shield Battery  
  78  7:40  Shield Battery  
  78  7:46  High Templar x2, Stalker x2  
  78  7:50  Archon  
  86  7:57  Zealot x2  
  88  8:04  Zealot x2  
  84  8:10  Probe  
  84  8:11  Probe  
  82  8:17  Zealot x4  
  78  8:22  Zealot  
  78  8:23  Zealot  
  78  8:26  Zealot x2  
  78  8:29  Probe x2  
  64  8:37  Zealot x4  
  62  8:47  Pylon  
  62  8:49  High Templar x4  
  62  8:50  Probe x3  
  62  8:54  Assimilator  
  73  8:58  Probe x3  
  73  9:02  Sentry  
  78  9:03  Archon x2  
  78  9:07  Probe  
  78  9:08  Probe  
  78  9:10  Assimilator  
  78  9:13  Robotics Facility  
  81  9:21  Zealot  
  81  9:22  Zealot x3  
  81  9:24  Zealot  
  88  9:28  Zealot x2  
  92  9:33  Stalker  
  94  9:40  Stalker x3  
  97  9:46  Zealot x2  
  100  9:54  Pylon  
  100  9:56  Pylon  
  98  10:02  Zealot x3  
  98  10:06  Zealot  
  89  10:11  Zealot x2  
  71  10:17  Zealot x2  
  73  10:23  Zealot x2  
  76  10:31  Robotics Facility  
  70  10:35  Photon Cannon  
  70  10:42  Robotics Facility  
  65  10:49  Pylon  
  59  10:50  Pylon  
Tags
 
Add a new tag
Caveats
  • Supply blocks, unpowered buildings, or Contaminate may cause inaccurate times.
  • Supply counts are checked every 10 seconds.